[ PARTIDA AOE2 · #484447176 ]
1v1 RMSicilianos vs Japanese
Equipo del jugador · VICT
Equipo rival · DERR
[ ANÁLISIS DE REPETICIÓN · EXTRAÍDO DE LA PARTIDA GRABADA ]
Feudal
14:03
Castillos
24:27
Imperial
—
| APM promedio | 17.5 |
| APM pico | 34 |
| eAPM promedio | 9.9 |
| Aldeanos / militares | 40 / 38 |
Foco
⚔️ 36.2% · 🌾 63.8%
Serjeant ×26 · Skirmisher ×8 · Archer ×1 · Militia ×1 · Battering Ram ×1 · Mangonel ×1
Feudal
12:47
Castillos
27:32
Imperial
—
| APM promedio | 41.0 |
| APM pico | 76 |
| eAPM promedio | 18.6 |
| Aldeanos / militares | 61 / 50 |
Foco
⚔️ 22.6% · 🌾 77.4%
Militia ×33 · Archer ×13 · Skirmisher ×4
Mapa de la partida
Recursos iniciales + cada clic de construcción. Líneas = muros · curvas = relieve. ◆ oro · ⬟ piedra · ● bayas · ✦ reliquia · ◌ hueco del cierre
Tu base· Abierta — flanco sin cerrar
Base de Pikachu· Abierta — flanco sin cerrar
Terreno inicial suavizado · ◌ = hueco del cierre detectado · pasá el cursor para detalles
Inputs por minuto
— [P4G] Delaney - - Pikachu
Build order — [P4G] Delaney
123 acciones detectadas en el replay
| 0:38 | Construir | House |
| 0:48 | Construir | Town Center |
| 2:36 | Construir | House |
| 2:58 | Crear | Villager (Male) |
| 2:59 | Crear | Villager (Male) ×3 |
| 4:19 | Crear | Villager (Male) |
| 5:03 | Crear | Villager (Male) |
| 5:17 | Crear | Villager (Male) |
| 5:34 | Construir | Lumber Camp |
| 5:58 | Crear | Villager (Male) |
| 5:58 | Crear | Villager (Male) |
| 6:15 | Crear | Villager (Male) |
| 6:31 | Crear | Villager (Male) |
| 6:31 | Crear | Villager (Male) |
| 7:06 | Crear | Villager (Male) |
| 7:07 | Crear | Villager (Male) |
| 7:22 | Construir | House |
| 7:24 | Construir | House |
| 8:26 | Crear | Villager (Male) ×3 |
| 8:48 | Construir | Barracks |
| 9:09 | Crear | Villager (Male) |
| 9:44 | Construir | House |
| 9:46 | Construir | House |
| 10:02 | Construir | Mill |
| 10:12 | Investigar | Loom |
| 10:13 | Crear | Villager (Male) |
| 10:14 | Crear | Villager (Male) |
| 10:14 | Crear | Villager (Male) |
| 10:15 | Crear | Villager (Male) |
| 11:22 | Construir | Mill |
| 11:30 | Construir | House |
| 11:33 | Construir | House |
| 11:53 | Investigar | Feudal Age |
| 12:24 | Construir | Donjon |
| 12:31 | Construir | House |
| 13:30 | Crear | Villager (Male) |
| 13:31 | Crear | Villager (Male) |
| 13:31 | Crear | Villager (Male) |
| 14:03 | Edad | Edad Feudal |
| 14:13 | Construir | Blacksmith |
| 15:06 | Construir | Mining Camp |
| 15:23 | Crear | Villager (Male) |
| 15:23 | Crear | Villager (Male) |
| 15:24 | Crear | Villager (Male) |
| 15:37 | Crear | Serjeant |
| 15:41 | Crear | Serjeant |
| 15:44 | Investigar | Scale Mail Armor |
| 15:51 | Construir | Mining Camp |
| 16:14 | Crear | Villager (Male) |
| 16:45 | Investigar | Forging |
| 17:05 | Construir | Palisade Wall |
| 17:13 | Construir | Palisade Wall |
| 17:17 | Construir | Palisade Wall |
| 17:19 | Construir | Palisade Wall |
| 17:27 | Construir | Palisade Gate |
| 17:41 | Construir | Mill |
| 17:50 | Crear | Villager (Male) |
| 17:50 | Crear | Villager (Male) |
| 17:54 | Crear | Serjeant |
| 17:56 | Crear | Villager (Male) ×5 |
| 18:19 | Construir | Farm |
| 18:20 | Construir | Farm |
| 18:20 | Construir | Farm |
| 18:22 | Construir | Farm |
| 18:43 | Construir | Farm |
| 19:15 | Construir | Farm |
| 19:35 | Crear | Villager (Male) |
| 19:37 | Crear | Villager (Male) |
| 20:12 | Construir | Archery Range |
| 20:36 | Crear | Serjeant |
| 20:37 | Crear | Serjeant |
| 20:53 | Construir | Donjon |
| 21:21 | Crear | Serjeant |
| 21:21 | Crear | Serjeant |
| 21:21 | Crear | Serjeant |
| 21:47 | Investigar | Castle Age |
| 21:53 | Crear | Archer |
| 21:55 | Crear | Skirmisher |
| 22:07 | Crear | Serjeant |
| 22:09 | Crear | Serjeant |
| 22:18 | Crear | Militia |
| 22:24 | Crear | Serjeant |
| 22:37 | Crear | Serjeant |
| 22:37 | Crear | Serjeant |
| 23:19 | Crear | Serjeant |
| 23:21 | Crear | Serjeant |
| 23:23 | Crear | Skirmisher |
| 23:23 | Crear | Skirmisher |
| 23:23 | Crear | Skirmisher |
| 23:52 | Crear | Skirmisher |
| 23:57 | Crear | Serjeant |
| 24:27 | Edad | Edad de los Castillos |
| 24:47 | Investigar | Elite Skirmisher (upgrade) |
| 24:54 | Investigar | Chain Mail Armor |
| 25:39 | Construir | Siege Workshop |
| 25:51 | Crear | Serjeant |
| 25:51 | Crear | Serjeant |
| 25:54 | Crear | Serjeant |
| 25:54 | Crear | Serjeant |
| 25:58 | Crear | Skirmisher |
| 25:58 | Crear | Skirmisher |
| 25:58 | Crear | Skirmisher |
| 26:04 | Construir | House |
| 26:06 | Construir | House |
| 26:07 | Construir | House |
| 26:07 | Construir | House |
| 26:20 | Crear | Villager (Male) |
| 26:20 | Crear | Villager (Male) |
| 26:35 | Construir | Donjon |
| 28:47 | Construir | Farm |
| 28:50 | Construir | Farm |
| 28:53 | Investigar | Iron Casting |
| 29:29 | Construir | Mill |
| 29:53 | Construir | Donjon |
| 30:07 | Crear | Battering Ram |
| 30:10 | Crear | Mangonel |
| 30:53 | Crear | Serjeant |
| 30:53 | Crear | Serjeant |
| 30:53 | Crear | Serjeant |
| 30:59 | Crear | Serjeant |
| 30:59 | Crear | Serjeant |
| 31:45 | Construir | Donjon |
| 32:00 | Crear | Serjeant |
Build order — Pikachu
Primeras 150 de 202 acciones detectadas
| 1:20 | Construir | Town Center |
| 3:02 | Construir | House |
| 3:04 | Construir | House |
| 3:06 | Crear | Villager (Male) |
| 3:06 | Crear | Villager (Male) |
| 3:06 | Crear | Villager (Male) |
| 3:22 | Crear | Villager (Male) |
| 3:22 | Crear | Villager (Male) |
| 4:47 | Crear | Villager (Male) |
| 4:47 | Crear | Villager (Male) |
| 5:28 | Construir | Lumber Camp |
| 5:36 | Crear | Villager (Male) |
| 5:36 | Crear | Villager (Male) |
| 5:36 | Crear | Villager (Male) |
| 5:54 | Crear | Villager (Male) |
| 5:55 | Crear | Villager (Male) |
| 6:34 | Crear | Villager (Male) |
| 6:34 | Crear | Villager (Male) |
| 7:02 | Crear | Villager (Male) |
| 7:02 | Crear | Villager (Male) |
| 7:02 | Crear | Villager (Male) |
| 7:22 | Crear | Villager (Male) |
| 7:51 | Crear | Villager (Male) |
| 7:59 | Construir | House |
| 8:53 | Crear | Villager (Male) |
| 9:00 | Crear | Villager (Male) |
| 9:00 | Investigar | Loom |
| 9:14 | Construir | Barracks |
| 9:18 | Construir | Palisade Wall |
| 9:22 | Construir | Palisade Wall |
| 10:12 | Crear | Villager (Male) |
| 10:27 | Investigar | Feudal Age |
| 10:28 | Investigar | Feudal Age |
| 10:48 | Construir | Mining Camp |
| 10:52 | Construir | House |
| 11:14 | Crear | Militia |
| 11:14 | Crear | Militia |
| 12:13 | Crear | Militia |
| 12:31 | Construir | Palisade Wall |
| 12:33 | Construir | Palisade Wall |
| 12:38 | Construir | Palisade Wall |
| 12:44 | Crear | Villager (Male) |
| 12:44 | Crear | Villager (Male) |
| 12:47 | Edad | Edad Feudal |
| 13:09 | Construir | House |
| 13:16 | Construir | House |
| 13:27 | Crear | Villager (Male) |
| 13:27 | Crear | Villager (Male) |
| 13:38 | Construir | Archery Range |
| 13:42 | Investigar | Man-at-Arms (upgrade) |
| 14:01 | Construir | Lumber Camp |
| 14:20 | Crear | Villager (Male) |
| 14:20 | Crear | Villager (Male) |
| 14:29 | Crear | Archer |
| 14:29 | Crear | Archer |
| 14:29 | Crear | Archer |
| 15:03 | Crear | Villager (Male) |
| 15:09 | Investigar | Double-Bit Axe |
| 15:18 | Construir | Mill |
| 15:27 | Crear | Villager (Male) |
| 15:33 | Crear | Archer |
| 15:39 | Construir | House |
| 15:41 | Construir | House |
| 15:44 | Crear | Villager (Male) |
| 15:59 | Construir | Farm |
| 15:59 | Construir | Farm |
| 15:59 | Construir | Farm |
| 16:07 | Crear | Archer |
| 16:07 | Crear | Archer |
| 16:17 | Crear | Villager (Male) |
| 16:24 | Crear | Archer |
| 16:51 | Crear | Villager (Male) |
| 16:54 | Crear | Archer |
| 17:02 | Construir | House |
| 17:25 | Crear | Militia |
| 17:25 | Crear | Militia |
| 17:29 | Crear | Villager (Male) |
| 17:30 | Crear | Villager (Male) |
| 17:47 | Construir | Blacksmith |
| 18:16 | Crear | Villager (Male) |
| 18:17 | Crear | Villager (Male) |
| 18:21 | Construir | Farm |
| 18:21 | Construir | Farm |
| 18:21 | Construir | Farm |
| 18:21 | Construir | Farm |
| 18:21 | Construir | Farm |
| 18:22 | Construir | Farm |
| 18:22 | Construir | Farm |
| 18:22 | Construir | Farm |
| 18:22 | Construir | Farm |
| 18:23 | Construir | Farm |
| 18:28 | Crear | Villager (Male) |
| 18:31 | Construir | Farm |
| 18:31 | Construir | Farm |
| 18:31 | Construir | Farm |
| 18:31 | Construir | Farm |
| 18:39 | Crear | Archer |
| 18:39 | Crear | Archer |
| 18:54 | Construir | Farm |
| 18:55 | Construir | Farm |
| 18:55 | Construir | Farm |
| 18:57 | Crear | Villager (Male) |
| 19:14 | Construir | House |
| 19:15 | Construir | House |
| 19:17 | Construir | House |
| 19:18 | Construir | House |
| 19:24 | Crear | Villager (Male) |
| 19:25 | Crear | Villager (Male) |
| 19:25 | Crear | Villager (Male) |
| 19:31 | Construir | Farm |
| 19:32 | Construir | Farm |
| 20:05 | Construir | Farm |
| 20:06 | Construir | Farm |
| 20:06 | Construir | Farm |
| 20:08 | Crear | Villager (Male) |
| 20:25 | Investigar | Fletching |
| 20:25 | Investigar | Scale Mail Armor |
| 20:34 | Construir | Farm |
| 20:35 | Construir | Farm |
| 20:35 | Construir | Farm |
| 20:35 | Construir | Farm |
| 20:52 | Crear | Villager (Male) |
| 20:52 | Crear | Villager (Male) |
| 21:17 | Construir | Farm |
| 21:17 | Construir | Farm |
| 21:18 | Construir | Farm |
| 21:18 | Construir | Farm |
| 22:02 | Crear | Skirmisher |
| 22:02 | Crear | Skirmisher |
| 22:03 | Crear | Skirmisher |
| 22:04 | Crear | Skirmisher |
| 22:07 | Construir | House |
| 22:11 | Construir | Palisade Wall |
| 22:15 | Investigar | Wheelbarrow |
| 22:20 | Investigar | Arson |
| 22:22 | Investigar | Forging |
| 22:39 | Construir | Palisade Gate |
| 23:04 | Construir | Barracks |
| 23:25 | Crear | Villager (Male) |
| 23:30 | Construir | Farm |
| 23:30 | Construir | Farm |
| 23:31 | Construir | Farm |
| 23:33 | Crear | Villager (Male) |
| 23:41 | Crear | Militia |
| 23:41 | Crear | Militia |
| 23:49 | Crear | Archer |
| 23:49 | Crear | Archer |
| 23:49 | Crear | Archer |
| 24:05 | Crear | Militia |
| 24:08 | Crear | Militia |
Cronología de la partida
| 8:48 | [P4G] Delaney · first_building Barracks |
| 9:14 | Pikachu · first_building Barracks |
| 9:18 | Pikachu · wall_segment Palisade Wall x1 |
| 9:22 | Pikachu · wall_segment Palisade Wall x1 |
| 12:24 | [P4G] Delaney · first_building Donjon |
| 12:31 | Pikachu · wall_segment Palisade Wall x5 |
| 12:33 | Pikachu · wall_segment Palisade Wall x4 |
| 12:38 | Pikachu · wall_segment Palisade Wall x6 |
| 12:47 | Pikachu · age_up feudal |
| 13:38 | Pikachu · first_building Archery Range |
| 14:03 | [P4G] Delaney · age_up feudal |
| 17:05 | [P4G] Delaney · wall_segment Palisade Wall x3 |
| 17:13 | [P4G] Delaney · wall_segment Palisade Wall x6 |
| 17:17 | [P4G] Delaney · wall_segment Palisade Wall x2 |
| 17:19 | [P4G] Delaney · wall_segment Palisade Wall x4 |
| 20:12 | [P4G] Delaney · first_building Archery Range |
| 22:11 | Pikachu · wall_segment Palisade Wall x13 |
| 24:27 | [P4G] Delaney · age_up castle |
| 25:39 | [P4G] Delaney · first_building Siege Workshop |
| 27:32 | Pikachu · age_up castle |
| 32:15 | Pikachu · resign |
[ ANÁLISIS IA · 1 CRÉDITO ]
¿Qué pasó realmente en esta partida?
Wolo.gg analiza cada decisión: build order, eco, micro, errores típicos por bracket. Análisis personalizado por WhatsApp o Discord en 30 segundos.
Guía civ
Sicilianos
Guía mapa
African Clearing
Perfil
[P4G] Delaney